 Dungeon Crawl Stone Soup version 0.27-a0-1090-gb115f176c6 (webtiles) character file.

Game seed: 17997699572166362739

28 IdlyInterested the Twirler (level 2, -2/22 HPs)
             Began as a Demonspawn Gladiator on Apr 27, 2021.
             Slain by a gnoll
             ... wielding a +0 spear
              (9 damage)
             ... on level 2 of the Dungeon.
             The game lasted 00:03:08 (1028 turns).

IdlyInterested the Twirler (Demonspawn Gladiator)   Turns: 1028, Time: 00:03:08

Health: -2/22      AC:  7    Str: 14    XL:     2   Next: 96%
Magic:  2/2        EV: 11    Int:  9    God:
Gold:   38         SH:  0    Dex: 14    Spells: 2/2 levels left

rFire    . . .     SeeInvis .   a - +0 quarterstaff
rCold    . . .     Faith    .   (shield currently unavailable)
rNeg     . . .     Spirit   .   e - +0 ring mail
rPois    .         Reflect  .   c - +1 helmet
rElec    .         Harm     .   (no cloak)
rCorr    .         Rampage  .   (no gloves)
Will     .....                  (no boots)
Stlth    +.........             (no amulet)
HPRegen  0.07/turn              (no ring)
MPRegen  0.08/turn              (no ring)

@: no status effects
A: hooves 1
a: no special abilities


You were on level 2 of the Dungeon.
You visited 1 branch of the dungeon, and saw 2 of its levels.

You collected 38 gold pieces.

Inventory:

Hand Weapons
 a - a +0 quarterstaff (weapon)
 j - a +0 spear
Missiles
 d - 3 throwing nets
 f - 5 stones
 i - 18 poisoned darts (quivered)
Armour
 b - a +0 leather armour
 c - a +1 helmet (worn)
 e - a +0 ring mail (worn)
 o - a +0 robe
Potions
 q - a potion of flight


   Skills:
 - Level 2.0 Fighting
 * Level 3.3 Staves
 - Level 1.7 Throwing
 * Level 0.8 Armour
 - Level 2.6 Dodging
 * Level 0.6 Spellcasting
 * Level 0.7 Evocations


You had 2 spell levels left.
You didn't know any spells.
Your spell library was empty.

Dungeon Overview and Level Annotations

Branches:
Dungeon (2/15)

Altars:


Innate Abilities, Weirdness & Mutations

You have large cloven feet.


Message History

Found a stone staircase leading down.
A worm comes into view.
Found a ring mail.
You sock the worm! You kick the worm.
The worm is almost dead.
The worm barely misses you.
You hit the worm.
You kill the worm!
You see here a +0 ring mail.
e - a +0 ring mail You start removing your armour.
You continue taking off your +0 leather armour. x4
You finish taking off your +0 leather armour.
You start putting on your armour.
You continue putting on your +0 ring mail. x5
You finish putting on your +0 ring mail.
Found a robe.
You see here a +0 robe.
A gnoll comes into view. It is wielding a +0 whip.
The gnoll shouts!
You hear a shout!
A gnoll comes into view. It is wielding a +0 spear.
The gnoll shouts!
A gnoll comes into view. It is wielding a +0 spear.
You see here 9 gold pieces.
The gnoll shouts!
You hear a shout!
The gnoll closely misses you.
A gnoll comes into view. It is wielding a +0 whip.
You see here a scroll labelled NIUPRU WAWILYF.
You closely miss the gnoll. You kick the gnoll, but do no damage.
The gnoll barely misses you. The gnoll hits you with a +0 whip.
You sock the gnoll! Your kick misses the gnoll.
The gnoll is almost dead.
The gnoll hits you but does no damage.
You hit the gnoll.
You kill the gnoll!
The gnoll hits you from afar with a +0 spear!
The gnoll hits you from afar with a +0 spear.
Okay, then.
The gnoll hits you from afar with a +0 spear!
You die...

#...#
###.#
#.#
#.#
#.#
#$#
#.#
#?#
#@#
#g#
#g#
#g#
#.#
#.#
#..
###


You could see 3 gnolls.

Vanquished Creatures
  A gnoll (D:2)
  A worm (D:2)
  4 endoplasms (D:1)
  A giant cockroach (D:2)
  3 jackals (D:1)
  2 kobolds
  A ball python (D:1)
  A frilled lizard (D:2)
14 creatures vanquished.

Notes
Turn   | Place    | Note
-------+----------+-------------------------------------------
     0 | D:1      | IdlyInterested the Demonspawn Gladiator began the quest for
                  | the Orb.
     0 | D:1      | Reached XP level 1. HP: 16/16 MP: 1/1
   257 | D:1      | Reached skill level 3 in Staves
   257 | D:1      | Gained mutation: You have large cloven feet. [demonic
                  | ancestry]
   257 | D:1      | Reached XP level 2. HP: 12/22 MP: 2/2
  1028 | D:2      | Slain by a gnoll

Illustrated notes

Levels and vault maps discovered:
D:1:      lightli_arrival_isolated_outpost, layout_loops_ring
D:2:      layout_loops_ring, basic_altar, uniq_sigmund

Skill      XL: |  1 |
---------------+----+-----
Staves         | 3 |  3.3
Fighting       | |  2.0
Throwing       | |  1.7
Armour         | |  0.8
Dodging        | |  2.6
Spellcasting   | |  0.6
Evocations     | |  0.7

Action                   || total
-------------------------++-------
Melee: Quarterstaff      ||    29
       Kick              ||     3
  Use: Scroll            ||     4
       Potion            ||     2
Armor: Leather armour    ||     9
       Ring mail         ||     1
Dodge: Dodged            ||    14

Table legend: (Time is in decaauts)
 A = Elapsed time spent in this place.
 B = Non-inter-level travel time spent in this place.
 C = Inter-level travel time spent in this place.
 D = Time resting spent in this place.
 E = Time spent auto-exploring this place.
 F = Levels seen in this place.
 G = Mean time per level.
                   A        B        C        D        E       F      G
               +--------+--------+--------+--------+--------+-----+--------+
         Total |   1037 |   1037 |      0 |    284 |    524 |   2 |  518.5 |
       Dungeon |   1037 |   1037 |      0 |    284 |    524 |   2 |  518.5 |
               +--------+--------+--------+--------+--------+-----+--------+

Top non-repeatable levels by time:
     D:1: 898 daAuts
     D:2: 138 daAuts
